 Dungeon Crawl Stone Soup version 0.27-a0-488-g88baaf19db (webtiles) character file.

Game seed: 9964233751011336155

368704 Leafsnail the Slayer (level 22, -10/257 HPs)
             Began as an Ogre Hunter on Mar 1, 2021.
             Was the Champion of Okawaru.
             Killed from afar by a starcursed mass (24 damage)
             ... with an accursed screaming
             ... while paralysed by accursed screaming
             ... on level 3 of the Abyss.
             The game lasted 04:02:05 (52887 turns).

Leafsnail the Slayer (Ogre Hunter)                 Turns: 52887, Time: 04:02:06

Health: -10/257    AC: 25    Str: 32    XL:     22   Next: 61%
Magic:  33/33      EV:  1    Int: 12    God:    Okawaru [******]
Gold:   4394       SH:  0    Dex:  9    Spells: 18/21 levels left

rFire    . . .     SeeInvis .   y - +7 giant spiked club "Dragon's Tongue" {flame, rC+ Str+3}
rCold    + . .     Faith    .   (shield currently unavailable)
rNeg     + . .     Spirit   .   n - +1 pearl dragon scales
rPois    +         Reflect  +   t - +2 hat
rElec    .         Harm     .   T - +2 cloak {rPois}
rCorr    .         Rampage  .   (gloves unavailable)
Will     ++...                  (boots unavailable)
Stlth    ..........             S - amulet of reflection
HPRegen  0.52/turn              Q - +4 ring of slaying
MPRegen  0.23/turn              F - +4 ring of protection

@: paralysed, about to teleport, studying Staves
A: large, unfitting armour, tough skin 1, wild magic 1
}: 2/15 runes: barnacled, gossamer
a: Renounce Religion, Heroism, Finesse


You were on level 3 of the Abyss.
You worshipped Okawaru.
Okawaru was exalted by your worship.
You visited 7 branches of the dungeon, and saw 37 of its levels.
You visited the Abyss 1 time.

You collected 4878 gold pieces.
You spent 484 gold pieces at shops.

Inventory:

Hand Weapons
 y - the +7 giant spiked club "Dragon's Tongue" (weapon) {flame, rC+ Str+3}
   (Okawaru gifted it to you on level 4 of the Shoals)

   It has been specially enchanted to burn those struck by it, causing extra
   injury to most foes and up to half again as much damage against particularly
   susceptible opponents.
   It affects your strength (+3).
   It protects you from cold.
Missiles
 c - 70 large rocks
 d - 10 throwing nets
 r - 10 datura-tipped darts
 v - 38 boomerangs (quivered)
 w - 13 curare-tipped darts
 z - 107 poisoned darts
 E - 4 silver boomerangs
 M - 10 atropa-tipped darts
 N - 103 silver javelins
 U - 70 javelins
 V - 15 boomerangs of dispersal
Armour
 n - +1 pearl dragon scales (worn)
 t - a +2 hat (worn)
 u - the +1 cloak "Fedoij" {rElec rPois rC- rCorr}
   (You found it on level 15 of the Dungeon)

   It makes you vulnerable to cold.
   It insulates you from electricity.
   It protects you from poison.
   It provides partial protection from all sources of acid and corrosion.
 T - a +2 cloak of poison resistance (worn)
Jewellery
 a - a +4 ring of evasion
 f - a ring of poison resistance
 g - an amulet of regeneration
 k - a ring of flight
 l - a ring of resist corrosion
 o - a ring of protection from fire
 F - a +4 ring of protection (right hand)
 P - a ring of willpower
 Q - a +4 ring of slaying (left hand)
 S - an amulet of reflection (around neck)
Wands
 b - a wand of iceblast (11)
 x - a wand of paralysis (24)
 B - a wand of flame (90)
 D - a wand of mindburst (39)
 I - a wand of acid (34)
 O - a wand of digging (6)
 W - a wand of polymorph (21)
Scrolls
 e - 8 scrolls of enchant weapon
 h - 2 scrolls of enchant armour
 i - 8 scrolls of magic mapping
 q - 11 scrolls of teleportation
 s - 21 scrolls of identify
 A - 5 scrolls of fog
 C - 5 scrolls of fear
 G - 2 scrolls of holy word
 H - 2 scrolls of silence
Potions
 j - a potion of brilliance
 m - 10 potions of curing
 p - 13 potions of heal wounds
 J - 13 potions of might
 K - 4 potions of magic
 L - 5 potions of flight
 R - 5 potions of berserk rage
 Y - 4 potions of haste
 Z - 2 potions of resistance


   Skills:
 + Level 22.9 Fighting
 - Level 17.0 Maces & Flails
 - Level 21.0 Throwing
 - Level 10.0 Armour
 + Level 8.0 Dodging
 - Level 0.6 Stealth
 * Level 15.5 Invocations


You had 18 spell levels left.
You knew the following spells:

 Your Spells              Type           Power        Failure   Level
a - Beastly Appendage     Tmut           0%           63%         1
b - Animate Skeleton      Necr           0%           63%         1
c - Apportation           Tloc           0%           63%         1

Your spell library contained the following spells:

 Spells                   Type           Power        Failure   Level
 Corona                   Hex            0%           63%         1
 Shock                    Conj/Air       0%           63%         1
 Summon Small Mammal      Summ           0%           63%         1
 Ensorcelled Hibernation  Hex/Ice        0%           77%         2
 Poisonous Vapours        Pois/Air       0%           77%         2
 Swiftness                Air            0%           77%         2
 Wereblood                Tmut           0%           77%         2
 Confusing Touch          Hex            0%           93%         3
 Conjure Flame            Conj/Fire      0%           93%         3
 Dazzling Flash           Conj/Hex       0%           93%         3
 Gell's Gravitas          Tloc           0%           93%         3
 Mephitic Cloud           Conj/Pois/Air  0%           93%         3
 Spider Form              Tmut/Pois      0%           93%         3
 Static Discharge         Conj/Air       0%           93%         3
 Tukima's Dance           Hex            0%           93%         3
 Airstrike                Air            0%           100%        4
 Animate Dead             Necr           0%           100%        4
 Ice Form                 Ice/Tmut       0%           100%        4
 Petrify                  Tmut/Erth      0%           100%        4
 Blade Hands              Tmut           0%           100%        5
 Borgnjor's Vile Clutch   Necr/Erth      0%           100%        5
 Lightning Bolt           Conj/Air       0%           100%        5
 Metabolic Englaciation   Hex/Ice        0%           100%        5
 Yara's Violent Unravell  Hex/Tmut       0%           100%        5
 Death Channel            Necr           0%           100%        6
 Freezing Cloud           Conj/Ice/Air   0%           100%        6
 Invisibility             Hex            0%           100%        6
 Simulacrum               Ice/Necr       0%           100%        6


Dungeon Overview and Level Annotations

Branches:
Dungeon (15/15)            Temple (1/1) D:4            Lair (6/6) D:8
 Shoals (4/4) Lair:3       Spider (4/4) Lair:3        Slime (0/5) Lair:5
    Orc (2/2) D:9             Elf (0/3) Orc:2        Vaults (5/5) D:14
  Crypt (0/3) Vaults:2     Depths (0/5) D:15

Altars:
Ashenzari
Cheibriados
Dithmenos
Elyvilon
Fedhas
Gozag
Hepliaklqana
Kikubaaqudgha
Makhleb
Nemelex Xobeh
Okawaru
Qazlal
Ru
Sif Muna
Trog
Uskayaw
Vehumet
Wu Jian
Xom
Yredelemnul
Zin
The Shining One
Beogh
Jiyva

Shops:
D:7 (   Orc:1 [::   Orc:2 [[(=   Shoals:4 [(![   Vaults:1 ((=!*

Annotations:
D:13 exclusion: obsidian statue
Spider:4 exclusion: 3 doors


Innate Abilities, Weirdness & Mutations

You are too large for most types of armour.
You have tough skin. (AC +1)
Your spells are a little harder to cast, but a little more powerful.


Message History

A cacophony of accursed wailing tears at your sanity!
* * * LOW HITPOINT WARNING * * *
You block the starcursed mass's attack.
A starcursed mass splits.
The starcursed mass engulfs you!
* * * LOW HITPOINT WARNING * * *
A starcursed mass splits.
A starcursed mass splits. x2
The starcursed mass engulfs you but does no damage.
A starcursed mass splits. x2
You feel much better. The starcursed mass barely misses you.
The starcursed mass engulfs you but does no damage.
The starcursed mass engulfs you.
* * * LOW HITPOINT WARNING * * *
The starcursed mass closely misses you.
You feel much better. The starcursed mass engulfs you!
You impale the starcursed mass!! You burn the starcursed mass.
You destroy the starcursed mass!
A cacophony of accursed wailing tears at your sanity!
* * * LOW HITPOINT WARNING * * *
The starcursed mass engulfs you but does no damage. x3
You sock the starcursed mass! You burn the starcursed mass.
You destroy the starcursed mass!
Okawaru accepts your kill.
A starcursed mass splits.
The starcursed mass closely misses you.
You completely miss the starcursed mass.
A cacophony of accursed wailing tears at your sanity!
* * * LOW HITPOINT WARNING * * *
You suddenly lose the ability to move!
The starcursed mass engulfs you but does no damage.
The starcursed mass engulfs you.
* * * LOW HITPOINT WARNING * * *
The starcursed mass engulfs you but does no damage.
The starcursed mass engulfs you but does no damage.
The starcursed mass engulfs you.
* * * LOW HITPOINT WARNING * * *
The starcursed mass engulfs you.
* * * LOW HITPOINT WARNING * * *
A starcursed mass splits.
A cacophony of accursed wailing tears at your sanity!
You die...

#..........'# . .
##........ .... .
##...... .#. . .. .
###......... . . .
##.....#X#......... ..
#...XXXX..∩..... .. .
##.XXX#XX...#.........
#XXXXXX..∩..........
###X@XX...(....... ..
####.#...... ' . .
#...... ..'#. # ......
. # ## #..#. ... .
######... # . . .. # #
#


You could see 19 starcursed masses.

Vanquished Creatures
  Boris (Vaults:3)
  Arachne (Spider:1)
  2 tentacled monstrosities
  Asterion (Spider:3)
  4 titans (Vaults:5)
  A quicksilver dragon (Vaults:5)
  An ancient champion (Vaults:2)
  2 sphinxes
  Frances (D:13)
  4 tengu reavers
  2 storm dragons (Vaults:5)
  2 shadow dragons (Vaults:5)
  Ilsuiw (Shoals:2)
  6 fire giants
  2 deep elf sorcerers
  3 iron dragons (Vaults:5)
  5 emperor scorpions
  A frost giant (Shoals:4)
  An orc warlord (Orc:2)
  Aizul (Spider:3)
  2 ghost moths (Spider:4)
  Louise (Shoals:2)
  11 vault wardens
  A curse skull (Vaults:2)
  A war gargoyle (Vaults:3)
  11 ironheart preservers
  4 very ugly things
  6 stone giants
  A deep elf demonologist (Vaults:5)
  2 entropy weavers
  A minotaur (D:14)
  A deep elf death mage (Vaults:2)
  A fire dragon (Vaults:1)
  4 ettins
  A crystal guardian (Vaults:3)
  8 merfolk javelineers
  Josephine (Lair:6)
  The ghost of Megustar the Devastator, a journeyman DEEE of Vehumet (D:13)
  5 merfolk impalers
  The ghost of Megustar the Devastator, a journeyman DECj of Vehumet (D:14)
  3 yaktaur captains
  5 ice dragons
  3 great orbs of eyes
  Erolcha (D:12)
  36 vault guards
  5 hydras
  6 boulder beetles
  21 two-headed ogres
  2 catoblepae
  A death knight (D:15)
  7 centaur warriors
  3 merfolk avatars
  An alligator snapping turtle (Shoals:4)
  8 ogre magi
  3 tengu warriors
  A deep troll shaman (Vaults:3)
  6 merfolk aquamancers
  3 satyrs
  18 death yaks
  Urug (Orc:1)
  2 deep troll earth magi (Vaults:3)
  3 thrashing horrors (Abyss:3)
  A vampire mage (Vaults:2)
  An orc high priest (Orc:2)
  Sonja (Lair:2)
  6 deep elf knights
  10 skeletal warriors
  A flayed ghost (Vaults:4)
  17 sea snakes
  A death drake (Abyss:3)
  3 deep trolls
  2 shadow wraiths
  An unseen horror (shapeshifter) (D:15)
  2 unseen horrors
  A swamp dragon (shapeshifter) (Vaults:5)
  2 glowing orange brains
  A deep troll (shapeshifter) (Vaults:2)
  4 phantasmal warriors
  A deep elf archer (Vaults:4)
  10 ironbrand convokers
  4 deep elf pyromancers
  14 orc knights
  25 harpies
  5 wizards
  26 wolf spiders
  4 deep elf zephyrmancers
  3 oklob plants
  22 orb spiders
  7 orc sorcerers
  8 cyclopes
  26 ugly things
  17 fauns
  22 manticores
  7 elephants (Lair:6)
  10 vault sentinels
  2 moths of wrath
  A centaur zombie (D:15)
  An elephant (shapeshifter) (D:15)
  3 black mambas
  14 merfolk sirens
  8 water nymphs
  15 cane toads
  An eye of devastation (shapeshifter) (D:15)
  A cane toad (shapeshifter) (Vaults:2)
  Maggie (Lair:2)
  A smoke demon (Abyss:3)
  6 torpor snails
  A gargoyle (D:13)
  3 rime drakes
  Psyche (D:9)
  5 kobold demonologists
  41 yaktaurs
  19 demonic crawlers
  3 freezing wraiths
  12 komodo dragons
  A komodo dragon (shapeshifter) (D:15)
  A yaktaur (shapeshifter) (Vaults:1)
  A tengu conjurer (D:14)
  30 merfolk
  An ancient zyme (Abyss:3)
  48 jumping spiders
  5 polar bears
  A queen bee (shapeshifter) (Vaults:1)
  19 trolls
  A meliai (D:12)
  9 wind drakes
  11 hornets
  A raiju (shapeshifter) (Vaults:3)
  Prince Ribbit (D:7)
  20 blink frogs
  39 slime creatures
  3 dream sheep (Lair:6)
  A stone giant simulacrum (Vaults:3)
  8 snapping turtles
  97 redbacks
  A spriggan (shapeshifter) (Vaults:4)
  3 shadows
  22 tarantellas
  A vampire (D:13)
  8 wyverns
  6 wraiths
  A centaur simulacrum (D:14)
  3 humans (shapeshifter)
  62 yaks
  9 water elementals
  7 basilisks
  Grum (D:7)
  A steam dragon (D:10)
  8 humans (D:14)
  9 wargs
  6 vampire mosquitoes
  21 water moccasins
  A small abomination (Abyss:3)
  5 acid dragons
  A water moccasin (shapeshifter) (D:15)
  5 ice beasts
  53 orc warriors
  3 sky beasts
  3 black bears
  An eye of draining (D:9)
  22 centaurs
  A phantom (D:9)
  11 wolves
  20 ogres
  8 kobold brigands (D:13)
  23 bullfrogs
  A wyvern zombie (D:7)
  2 scorpions (D:8)
  27 wights
  9 killer bees
  5 electric eels
  3 howler monkeys (D:12)
  2 crimson imps (D:13)
  2 starcursed masses (Abyss:3)
  A bullfrog zombie (D:8)
  A gnoll shaman (D:8)
  2 quasits
  24 orc priests
  7 hounds
  4 centaur skeletons
  6 jellies
  An iron imp (Abyss:3)
  6 iguanas
  36 orc wizards
  8 worker ants
  A killer bee zombie (D:7)
  A hound zombie (D:11)
  2 mummies
  A hound skeleton (D:6)
  2 worker ant zombies
  A howler monkey zombie (D:8)
  14 gnolls
  10 adders
  3 shadow imps
  18 white imps
  3 oozes
  2 adder skeletons
  2 worms (D:2)
  4 dart slugs
  8 leopard geckos
  164 orcs
  9 bats
  4 giant cockroaches
  10 goblins
  11 hobgoblins
  15 jackals
  21 kobolds
  3 quokkas
  2 ball pythons
  9 frilled lizards
  A giant cockroach zombie (D:6)
  A quokka skeleton (D:5)
  A quokka zombie (D:7)
  8 rats
1751 creatures vanquished.

Vanquished Creatures (collateral kills)
  A wolf (D:7)
  A giant cockroach (D:4)
2 creatures vanquished.

Vanquished Creatures (others)
  An unseen horror (shapeshifter) (Vaults:2)
  A harpy (Shoals:1)
  A human (D:14)
  An iguana (D:10)
  2 orcs
  A bush (D:13)
  67 fungi
  127 plants
  8 tentacles (Shoals:2)
  2 withered plants
211 creatures vanquished.

Grand Total: 1964 creatures vanquished

Notes
Turn   | Place    | Note
-------+----------+-------------------------------------------
     0 | D:1      | Leafsnail the Ogre Hunter began the quest for the Orb.
     0 | D:1      | Reached XP level 1. HP: 22/22 MP: 1/1
    64 | D:1      | Reached XP level 2. HP: 29/29 MP: 2/2
   263 | D:1      | Reached XP level 3. HP: 36/36 MP: 3/3
   323 | D:1      | Reached skill level 1 in Maces & Flails
   873 | D:1      | Reached XP level 4. HP: 44/44 MP: 4/4
  1084 | D:2      | Reached skill level 5 in Throwing
  1390 | D:2      | Found an iron altar of Okawaru.
  1390 | D:2      | Found a sparkling altar of Nemelex Xobeh.
  1394 | D:2      | Became a worshipper of Warmaster Okawaru
  1497 | D:1      | Reached skill level 3 in Fighting
  1497 | D:1      | Reached XP level 5. HP: 50/53 MP: 5/5
  1877 | D:2      | Found a burning altar of Makhleb.
  1877 | D:2      | Found a shimmering altar of Xom.
  2580 | D:3      | Reached XP level 6. HP: 62/62 MP: 6/6
  2610 | D:3      | Found an iron altar of Okawaru.
  3639 | D:3      | Learned a level 1 spell: Beastly Appendage
  3755 | D:4      | Reached skill level 4 in Fighting
  4017 | D:4      | Learned a level 1 spell: Animate Skeleton
  4019 | D:4      | Learned a level 1 spell: Apportation
  4153 | D:4      | Reached * piety under Okawaru
  4154 | D:4      | Reached XP level 7. HP: 70/71 MP: 7/7
  4227 | D:4      | Found a staircase to the Ecumenical Temple.
  4236 | Temple   | Entered the Ecumenical Temple
  5073 | D:5      | Entered Level 5 of the Dungeon
  5079 | D:5      | Found a shadowy altar of Dithmenos.
  5111 | D:5      | Reached skill level 5 in Fighting
  5169 | D:5      | Identified the +7 flail of Watchfulness {vorpal, Will+++}
  6317 | D:6      | Reached skill level 5 in Maces & Flails
  6450 | D:6      | Reached XP level 8. HP: 81/83 MP: 8/8
  6671 | D:6      | Found a blossoming altar of Fedhas.
  6681 | D:6      | Noticed a two-headed ogre
  6700 | D:6      | Killed a two-headed ogre
  6700 | D:6      | Reached ** piety under Okawaru
  6701 | D:6      | Reached skill level 7 in Fighting
  6711 | D:6      | Reached XP level 9. HP: 93/93 MP: 9/9
  6752 | D:6      | Identified the +0 scale mail of Music {+Blink rN+ Str+4
                  | SInv}
  7525 | D:7      | Found Qajihas's Weapon Shoppe.
  7690 | D:7      | Found a sacrificial altar of Ru.
  7740 | D:7      | Found a stormy altar of Qazlal.
  7769 | D:7      | Reached *** piety under Okawaru
  7952 | D:7      | Reached skill level 8 in Fighting
  8026 | D:8      | Noticed Grum
  8073 | D:8      | Noticed a polar bear
  8086 | D:7      | Killed a polar bear
  8171 | D:7      | Killed Grum
  8342 | D:7      | Reached **** piety under Okawaru
  8343 | D:7      | Reached skill level 9 in Fighting
  8367 | D:7      | Reached XP level 10. HP: 107/107 MP: 8/10
  8536 | D:7      | Received a gift from Okawaru
  8649 | D:8      | Noticed Prince Ribbit
  8666 | D:7      | Killed Prince Ribbit
  8974 | D:8      | Reached skill level 1 in Invocations
  9108 | D:8      | Received a gift from Okawaru
  9403 | D:8      | Found a staircase to the Lair.
  9462 | Lair:1   | Entered Level 1 of the Lair of Beasts
  9515 | Lair:1   | Reached ***** piety under Okawaru
  9515 | Lair:1   | Received a gift from Okawaru
  9552 | Lair:1   | Reached skill level 10 in Fighting
  9581 | Lair:1   | Noticed a cane toad
  9583 | Lair:1   | Received a gift from Okawaru
  9584 | Lair:1   | Reached skill level 10 in Maces & Flails
  9596 | Lair:1   | Killed a cane toad
  9696 | Lair:1   | Noticed a cane toad
  9702 | Lair:1   | Killed a cane toad
  9810 | Lair:1   | Received a gift from Okawaru
  9811 | Lair:1   | Reached XP level 11. HP: 87/119 MP: 13/13
 10675 | Lair:2   | Noticed Sonja
 10713 | Lair:2   | Killed Sonja
 10713 | Lair:2   | Received a gift from Okawaru
 10792 | Lair:2   | Noticed a boulder beetle
 10813 | Lair:2   | Killed a boulder beetle
 10900 | Lair:2   | Reached skill level 11 in Fighting
 11266 | Lair:1   | Reached skill level 5 in Invocations
 11283 | Lair:2   | Reached skill level 10 in Throwing
 11403 | Lair:2   | Reached ****** piety under Okawaru
 11403 | Lair:2   | Received a gift from Okawaru
 11495 | Lair:2   | You fall into a shaft and drop 1 floor!
 11530 | Lair:3   | Found a hole to the Spider Nest.
 11690 | Lair:3   | Noticed a seven-headed hydra
 11712 | Lair:2   | Reached XP level 12. HP: 126/130 MP: 16/16
 11754 | Lair:2   | Noticed a death yak
 11755 | Lair:2   | Noticed a death yak
 11768 | Lair:2   | Killed a death yak
 11777 | Lair:2   | Killed a death yak
 11848 | Lair:2   | Noticed Maggie
 12443 | Lair:2   | Killed Maggie
 12444 | Lair:2   | Reached skill level 12 in Fighting
 12777 | Lair:3   | Killed a seven-headed hydra
 13357 | Lair:3   | Found a staircase to the Shoals.
 13811 | Lair:4   | Noticed a death yak
 13815 | Lair:4   | Killed a death yak
 13816 | Lair:4   | Noticed a death yak
 13816 | Lair:4   | Noticed a death yak
 13839 | Lair:3   | Killed a death yak
 13839 | Lair:3   | Received a gift from Okawaru
 13891 | Lair:3   | Killed a death yak
 13892 | Lair:3   | Reached XP level 13. HP: 101/141 MP: 18/18
 14128 | Lair:4   | Reached skill level 13 in Fighting
 14924 | Lair:5   | Found a staircase to the Slime Pits.
 14962 | Lair:5   | Found a viscous altar of Jiyva.
 15248 | Lair:6   | Entered Level 6 of the Lair of Beasts
 15688 | Lair:6   | Noticed Josephine
 15851 | Lair:6   | Killed Josephine
 16025 | Lair:6   | Received a gift from Okawaru
 16131 | Lair:6   | Received a gift from Okawaru
 16352 | Lair:6   | Reached XP level 14. HP: 97/154 MP: 18/21
 16361 | Lair:6   | Reached skill level 14 in Fighting
 16918 | Lair:6   | Reached skill level 10 in Invocations
 17095 | Lair:6   | Identified the +1 robe "Qaopn" {Rampage Slay+2} (Okawaru
                  | gifted it to you on level 6 of the Lair of Beasts)
 17095 | Lair:6   | Received a gift from Okawaru
 17370 | Lair:2   | Reached skill level 15 in Fighting
 17912 | D:9      | Found a hide-covered altar of Uskayaw.
 18065 | D:9      | Found a staircase to the Orcish Mines.
 18112 | D:9      | Found a roughly hewn altar of Beogh.
 18256 | D:9      | Noticed Psyche
 18260 | D:9      | Paralysed by something for 7 turns
 18268 | D:9      | Killed Psyche
 18561 | Orc:1    | Entered Level 1 of the Orcish Mines
 18561 | Orc:1    | Found Tott's Antique Armour Shop.
 18700 | Orc:2    | Entered Level 2 of the Orcish Mines
 18777 | Orc:2    | Found a roughly hewn altar of Beogh.
 18802 | Orc:2    | Found Aghedar's Jewellery Shoppe.
 19037 | Orc:2    | Found a staircase to the Elven Halls.
 19188 | Orc:2    | Noticed an orc warlord
 19226 | Orc:2    | Killed an orc warlord
 19450 | Orc:2    | Found a roughly hewn altar of Beogh.
 19451 | Orc:2    | Found Kiguiw's Armour Shop.
 19492 | Orc:2    | Found a roughly hewn altar of Beogh.
 19578 | Orc:2    | Found a roughly hewn altar of Beogh.
 19754 | Orc:2    | Found Joacuk's Antique Weapon Shop.
 19755 | Orc:2    | Found a roughly hewn altar of Beogh.
 19757 | Orc:2    | Found Utuwudghi's Antique Armour Boutique.
 19893 | Orc:1    | Found Yllooj's Book Boutique.
 20100 | Orc:1    | Reached XP level 15. HP: 151/167 MP: 23/23
 20183 | Orc:1    | Noticed Urug
 20198 | Orc:1    | Killed Urug
 20306 | Orc:1    | Found Muna's Book Emporium.
 20540 | D:10     | Entered Level 10 of the Dungeon
 21564 | D:11     | Identified the +1 robe of Parlour Games {rPois Will+ Str-3
                  | Int+5} (Okawaru gifted it to you on level 11 of the
                  | Dungeon)
 21564 | D:11     | Received a gift from Okawaru
 21594 | D:10     | Identified a scroll of acquirement
 21594 | D:10     | Acquired 822 gold pieces
 22690 | D:12     | Reached skill level 16 in Fighting
 22936 | D:12     | Noticed Erolcha
 22948 | D:12     | Killed Erolcha
 23210 | D:12     | Identified Sif Muna's Guide on Shifting Curses
 24216 | D:13     | Received a gift from Okawaru
 24228 | D:13     | Identified the +3 mace "Wydox" {vorpal, rPois Stlth+}
 24444 | D:13     | Noticed Frances
 24458 | D:13     | Gained mutation: Your spells are a little harder to cast,
                  | but a little more powerful. [a neqoxec]
 24461 | D:13     | Killed Frances
 24461 | D:13     | Received a gift from Okawaru
 24529 | D:13     | Identified the +5 chain mail of Old and Reckless {rPois
                  | Int+3}
 24531 | D:13     | Found a runed translucent gate.
 24535 | D:13     | Found a runed translucent gate.
 24535 | D:13     | Noticed Megustar's ghost (journeyman DEEE)
 24536 | D:13     | Found a runed translucent gate.
 24542 | D:13     | Found a roughly hewn altar of Beogh.
 24542 | D:13     | Identified the +1 scale mail "Korish" {MP+9 Dex+4}
 24891 | D:13     | Killed Megustar's ghost
 24923 | D:13     | Received a gift from Okawaru
 25321 | D:14     | Reached skill level 15 in Throwing
 25404 | D:14     | Found a runed translucent gate.
 25404 | D:14     | Found a runed translucent gate.
 25404 | D:14     | Found a runed translucent gate.
 25471 | D:14     | Reached XP level 16. HP: 176/180 MP: 22/25
 25524 | D:14     | Found a gate to the Vaults.
 25527 | D:14     | Identified the +0 tower shield of Buni {rElec}
 25551 | D:14     | Noticed Megustar's ghost (journeyman DECj)
 25987 | D:14     | Killed Megustar's ghost
 26003 | D:14     | Received a gift from Okawaru
 26102 | D:15     | Entered Level 15 of the Dungeon
 26106 | D:15     | Found a radiant altar of Vehumet.
 26113 | D:15     | Reached skill level 17 in Fighting
 26567 | D:14     | Reached skill level 15 in Maces & Flails
 26763 | D:15     | Identified the +1 cloak "Fedoij" {rElec rPois rC- rCorr}
 27086 | D:15     | Identified the +1 robe of Disguise {rF+++ Str+6 Slay-5}
                  | (Okawaru gifted it to you on level 15 of the Dungeon)
 27086 | D:15     | Received a gift from Okawaru
 27139 | D:15     | Found a staircase to the Depths.
 27540 | Spider:1 | Entered Level 1 of the Spider Nest
 27760 | Spider:1 | Reached skill level 1 in Armour
 28806 | Spider:2 | Noticed Arachne
 28908 | Spider:1 | Killed Arachne
 28909 | Spider:1 | Reached XP level 17. HP: 60/193 MP: 19/26
 29630 | Spider:1 | Reached skill level 18 in Fighting
 29687 | Spider:2 | Received a gift from Okawaru
 30219 | Spider:3 | Received a gift from Okawaru
 30577 | Spider:3 | Noticed Aizul
 30587 | Spider:3 | Killed Aizul
 30774 | Spider:3 | Noticed Asterion
 30780 | Spider:3 | Killed Asterion
 31005 | Spider:4 | Entered Level 4 of the Spider Nest
 32091 | Spider:3 | Received a gift from Okawaru
 32225 | Spider:4 | Reached XP level 18. HP: 196/205 MP: 27/27
 32590 | Spider:4 | Reached skill level 5 in Armour
 32591 | Spider:4 | Received a gift from Okawaru
 33194 | Spider:4 | Got a gossamer rune of Zot
 33575 | Shoals:1 | Entered Level 1 of the Shoals
 34610 | Shoals:1 | Reached skill level 19 in Fighting
 34978 | Shoals:2 | Noticed Ilsuiw
 35222 | Shoals:2 | Noticed Louise
 35234 | Shoals:2 | Killed Louise
 35595 | Shoals:2 | Killed Ilsuiw
 35616 | Shoals:2 | Received a gift from Okawaru
 37456 | Shoals:3 | Reached XP level 19. HP: 217/217 MP: 28/28
 38704 | Shoals:4 | Entered Level 4 of the Shoals
 38704 | Shoals:4 | Found Nuwuori's Armour Boutique.
 38742 | Shoals:4 | Identified the +7 giant spiked club "Dragon's Tongue"
                  | {flame, rC+ Str+3} (Okawaru gifted it to you on level 4 of
                  | the Shoals)
 38742 | Shoals:4 | Received a gift from Okawaru
 38810 | Shoals:4 | Found Lyusidur's Antique Armour Shop.
 39060 | Shoals:4 | Found Icahey Mathu's Distillery.
 39090 | Shoals:4 | Bought a glowing cloak for 315 gold pieces
 39569 | Shoals:4 | Found Qiheurih's Antique Weapon Shoppe.
 39644 | Shoals:4 | Reached skill level 20 in Fighting
 40218 | Shoals:4 | Found the +7 mace of Variability {chain chaos}
 40295 | Shoals:4 | Got a barnacled rune of Zot
 40838 | Vaults:1 | Entered Level 1 of the Vaults
 41018 | Vaults:1 | Found Gorai's Jewellery Emporium.
 41160 | Vaults:1 | Received a gift from Okawaru
 41919 | Vaults:1 | Found Xeamocibb's Distillery.
 41926 | Vaults:1 | Bought a potion of curing for 39 gold pieces
 41926 | Vaults:1 | Bought a potion of heal wounds for 65 gold pieces
 41926 | Vaults:1 | Bought a potion of heal wounds for 65 gold pieces
 41951 | Vaults:1 | Found Gyakku's Assorted Antiques.
 42000 | Vaults:1 | Found Qiatzoigg's Antique Weapon Shop.
 42104 | Vaults:1 | Found Ithridwai's Antique Weapon Shop.
 42807 | Vaults:1 | Received a gift from Okawaru
 43231 | Vaults:2 | You fall into a shaft and drop 2 floors!
 43242 | Vaults:4 | Reached XP level 20. HP: 206/231 MP: 22/29
 43338 | Vaults:4 | Received a gift from Okawaru
 44068 | Vaults:2 | Received a gift from Okawaru
 44281 | Vaults:2 | You fall into a shaft and drop 1 floor!
 44568 | Vaults:2 | Received a gift from Okawaru
 44768 | Vaults:2 | Reached skill level 21 in Fighting
 44882 | Vaults:2 | Found a staircase to the Crypt.
 45074 | Vaults:2 | Received a gift from Okawaru
 45607 | Vaults:3 | Received a gift from Okawaru
 45955 | Vaults:3 | Identified the +3 plate armour of Jigsaw {Str+3}
 46234 | Vaults:3 | Reached XP level 21. HP: 218/243 MP: 30/30
 47588 | Vaults:3 | Noticed Boris
 47592 | Vaults:3 | Killed Boris
 47965 | Vaults:3 | Paralysed by an ogre mage for 3 turns
 47982 | Vaults:3 | Received a gift from Okawaru
 47983 | Vaults:3 | Reached skill level 5 in Dodging
 48907 | Vaults:4 | Received a gift from Okawaru
 49006 | Vaults:4 | Reached skill level 22 in Fighting
 49333 | Vaults:4 | Received a gift from Okawaru
 49777 | Vaults:4 | Received a gift from Okawaru
 50186 | Vaults:5 | Entered Level 5 of the Vaults
 50216 | Vaults:4 | Received a gift from Okawaru
 51191 | Vaults:5 | Reached skill level 10 in Armour
 51191 | Vaults:5 | Reached XP level 22. HP: 249/251 MP: 32/32
 51926 | Vaults:5 | Acquired +1 pearl dragon scales
 52048 | Vaults:5 | Received a gift from Okawaru
 52449 | Vaults:5 | Received a gift from Okawaru
 52600 | Vaults:5 | Reached skill level 15 in Invocations
 52767 | Vaults:5 | Found the +12 Vampire's Tooth {vamp}
 52792 | Vaults:5 | Cast into level 3 of the Abyss (a deep elf demonologist)
 52874 | Abyss:3  | Paralysed by accursed screaming for 1 turns
 52886 | Abyss:3  | Paralysed by accursed screaming for 2 turns
 52887 | Abyss:3  | Killed from afar by a starcursed mass

Illustrated notes

Levels and vault maps discovered:
D:1:      ncdulo_watergridlock, layout_loops_ring, minmay_hexomino_c4
D:2:      cheibrodos_pilgrimage, layout_loops_corners,
          gammafunk_temple_overflow_pools, gammafunk_temple_overflow_wave
D:3:      lemuel_upstairs_altar, layout_loops_cross,
          chequers_serial_rivers_room_a, okawaru_trees_1
D:4:      layout_cave_pods, lemuel_temple_firewalk_b, minmay_small_thing
D:5:      layout_layer_cave, grunt_dithmenos_smoke
D:6:      layout_basic, basic_altar, patterned_corridor
D:7:      layout_rooms, nicolae_qazlal_style_of_elements,
          nicolae_ru_the_path_less_chosen, serial_shops, nicolae_shop_crystal,
          serial_undead, serial_undead_c, serial_undead_b, serial_undead_b,
          serial_undead_c, serial_bayou_pond_e, serial_bayou_pond_e,
          hangedman_glass_teeth, st_stairs_12
D:8:      layout_basic, grunt_lair_entry_orc_guard_hut, serial_ice,
          serial_ice_a, serial_ice_k, serial_ice_g, serial_ice_c,
          uniq_prince_ribbit1, uniq_grum
D:9:      layout_long_grid, eat_drink_and_be_merry_uskayaw,
          minmay_orc_entry_temple_small, palyth_stone_intersect,
          kennysheep_generic_room_16, uniq_psyche
D:10:     layout_gridville, skrybe_limestone_x
D:11:     layout_basic
D:12:     layout_gridville, uniq_erolcha
D:13:     kennysheep_kobold_grotto, layout_basic, portal_ice_cave_entry_imps,
          gauntlet_entry_generic, biasface_ghost_orc_armoury, uniq_frances
D:14:     layout_irregular_city, ximxim_vaults_locker_room,
          maelrawn_ghost_gauntlet_escape, minmay_misc_feat_roman
D:15:     gammafunk_enter_depths_forms, layout_cave_pools, old_standard_altar,
          minmay_splitting_lines, hangedman_decor_riveting
Temple:   minmay_freezing_vapour_temple
Lair:1:   layout_cave_pods
Lair:2:   layout_loops_ring, uniq_maggie, uniq_sonja
Lair:3:   layout_small_grid, elwin_shoals_entry_rooms, dummy_spider_entry,
          enter_volcano_4, nicolae_quartered_pool_super, serial_bayou_pond_c
Lair:4:   layout_loops_ring, lemuel_fruit_fields
Lair:5:   layout_concentric_octagons, slime_altar_1
Lair:6:   hangedman_lair_in_review, layout_regular_city,
          small_statue_intersection, st_stairs_6, grunt_megastairs_4,
          uniq_josephine
Shoals:1: layout_shoals
Shoals:2: layout_shoals, nicolae_shoals_this_corrosion, uniq_ilsuiw, uniq_louise
Shoals:3: cheibrodos_shoals_three_sisters, layout_shoals, argonaut_gorgonesque
Shoals:4: shoals_end_grunt_ice, layout_shoals, serial_shops,
          nicolae_shop_overgrown_old_shop, shop, nicolae_shop_window_shopping,
          shop, overgrown_hall
Spider:1: layout_spider_delve
Spider:2: layout_spider_delve, nicolae_spider_circle_web, uniq_arachne
Spider:3: layout_spider_delve, nicolae_spider_shape, uniq_asterion, uniq_aizul
Spider:4: spider_rune_water, drop_trap, hive_lemuel
Orc:1:    layout_diamond_mine, serial_shops, nicolae_shop_window_shopping,
          nicolae_shop_competitors_out_of_business, shop_fountains, uniq_urug
Orc:2:    grunt_orc_community_town_hall, layout_diamond_mine,
          grunt_orc_community_big_house_1, grunt_orc_community_big_house_2,
          grunt_orc_community_house_1, grunt_orc_community_house_2,
          grunt_orc_community_house_3, grunt_orc_community_house_2,
          grunt_orc_community_house_3, special_room
Vaults:1: hangedman_vaults_slice, ontoclasm_vaults_shout,
          ontoclasm_vaults_ring_square, layout_vaults_quadrants, serial_shops,
          shop, shop, nicolae_shop_overgrown_old_shop, shop, shop
Vaults:2: nicolae_vaults_sealed_display, ontoclasm_vaults_eye,
          hangedman_vaults_trim, nicolae_vaults_hallways_thing,
          minmay_crypt_entry_simple_walls, nicolae_vaults_shelves_hall,
          hangedman_vaults_hat, v_misc_10, nicolae_vaults_diagonal_hallway_9,
          v_rooms_5, layout_vaults_maze_bifur
Vaults:3: v_misc_28, ontoclasm_vaults_ring_large,
          nicolae_vaults_little_squares_5, v_rooms_2,
          nicolae_vaults_circle_grid_a, hangedman_vaults_locks,
          vaults_room_stairs_pillars, v_misc_26, v_alt_pattern_6,
          vaults_room_large_hall, vaults_room_stairs_pillars,
          layout_vaults_ring, uniq_boris
Vaults:4: vaults_room_fours, nicolae_vaults_little_squares_5, st_quartered_hall,
          v_misc_17, vaults_room_grunt_arrival_checkpoint,
          ontoclasm_vaults_pinch, hangedman_vaults_trim,
          layout_vaults_chaotic_city, uniq_margery
Vaults:5
Abyss:3:  base:
Orc:1

Skill      XL: |  1  2  3  4  5  6  7  8  9 10 11 12 13 14 15 16 17 18 19 20 21 22 |
---------------+-------------------------------------------------------------------+-----
Maces & Flails | 1 2 3 4 5 7 8 10 11 12 13 14 15 16 17 | 17.0
Throwing       | 5 6 7 8 9 10 11 12 13 15 16 17 18 20 21 | 21.0
Fighting       | 3 4 5 7 9 10 11 12 13 15 16 17 18 19 20 21 22 | 22.9
Invocations    | 3 5 7 9 11 12 14 15 | 15.5
Armour         | 2 4 6 8 10 | 10.0
Dodging        | 3 6 8 |  8.0
Stealth        | |  0.6

Action                   |  1- 3 |  4- 6 |  7- 9 | 10-12 | 13-15 | 16-18 | 19-21 | 22-24 || total
-------------------------+-------+-------+-------+-------+-------+-------+-------+-------++-------
Melee: Short sword       |    36 |       |       |       |       |       |       |       ||    36
       Club              |   103 |    51 |       |       |       |       |       |       ||   154
       Mace              |       |    57 |       |       |       |       |       |       ||    57
       Whip              |       |    48 |    61 |       |       |       |       |       ||   109
       Flail             |       |       |   156 |   364 |  1218 |   947 |    88 |       ||  2773
       Punch             |       |       |       |     1 |    11 |     5 |       |       ||    17
       Giant spiked club |       |       |       |       |       |       |   554 |    76 ||   630
Throw: Stone             |    91 |   208 |   215 |    66 |       |       |       |       ||   580
       Large rock        |     3 |     4 |    10 |    43 |    26 |    77 |    87 |    48 ||   298
       Throwing net      |       |       |     1 |       |       |       |       |       ||     1
       Boomerang         |       |       |       |   148 |   535 |   761 |   482 |    52 ||  1978
       Javelin           |       |       |       |       |     1 |     5 |    70 |    20 ||    96
       Dart              |       |       |       |       |     4 |       |       |       ||     4
 Cast: Animate Skeleton  |       |     1 |     7 |    18 |     4 |     4 |       |     1 ||    35
       Beastly Appendage |       |     1 |       |       |       |       |       |       ||     1
       Apportation       |       |       |     2 |       |     5 |     8 |       |       ||    15
Invok: Heroism           |       |       |     1 |     3 |    11 |    11 |    15 |     1 ||    42
       Finesse           |       |       |       |     1 |     6 |    11 |    14 |     1 ||    33
  Use: Scroll            |       |    10 |     6 |     7 |     7 |     5 |     3 |     2 ||    40
       Potion            |       |       |       |       |       |     4 |       |     3 ||     7
 Stab: Held in net/web   |       |       |     2 |       |       |       |       |       ||     2
       Sleeping          |       |       |       |     1 |       |       |       |       ||     1
       Petrified         |       |       |       |       |     5 |     2 |       |       ||     7
       Distracted        |       |       |       |       |     1 |       |       |       ||     1
Armor: Robe              |    39 |    46 |    52 |       |       |       |       |       ||   137
       Animal skin       |       |       |    16 |    81 |       |       |       |       ||    97
       Swamp dragon scal |       |       |       |    56 |   584 |   920 |   267 |       ||  1827
       Quicksilver drago |       |       |       |       |       |       |    27 |     6 ||    33
       Pearl dragon scal |       |       |       |       |       |       |       |    66 ||    66
Dodge: Dodged            |    93 |    92 |   131 |   167 |   382 |   572 |   236 |    41 ||  1714
Block: Other             |       |       |       |       |       |    49 |   123 |    17 ||   189
       Reflection        |       |       |       |       |       |    10 |    15 |     4 ||    29

Table legend: (Time is in decaauts)
 A = Elapsed time spent in this place.
 B = Non-inter-level travel time spent in this place.
 C = Inter-level travel time spent in this place.
 D = Time resting spent in this place.
 E = Time spent auto-exploring this place.
 F = Levels seen in this place.
 G = Mean time per level.
                   A        B        C        D        E       F      G
               +--------+--------+--------+--------+--------+-----+--------+
         Total |  51864 |  47884 |   3980 |  12764 |  22002 |  38 | 1364.8 |
       Dungeon |  17875 |  16299 |   1576 |   1945 |   9283 |  15 | 1191.7 |
        Temple |     16 |     12 |      4 |      0 |     11 |   1 |   16.0 |
          Lair |   8288 |   7337 |    951 |   1405 |   3709 |   6 | 1381.3 |
        Shoals |   7114 |   6730 |    384 |   3038 |   2287 |   4 | 1778.5 |
   Spider Nest |   5558 |   5014 |    544 |   1820 |   1464 |   4 | 1389.5 |
  Orcish Mines |   1768 |   1638 |    130 |     51 |   1052 |   2 |  884.0 |
        Vaults |  11148 |  10759 |    389 |   4476 |   4195 |   5 | 2229.6 |
         Abyss |     94 |     94 |      0 |     28 |      0 |   1 |   94.0 |
               +--------+--------+--------+--------+--------+-----+--------+

Top non-repeatable levels by time:
Vaults:4: 3894 daAuts
Vaults:3: 2546 daAuts
Shoals:2: 2358 daAuts
Vaults:2: 2049 daAuts
  Lair:3: 1828 daAuts
    D:14: 1790 daAuts
Spider:4: 1737 daAuts
Spider:1: 1685 daAuts
Shoals:4: 1653 daAuts
  Lair:1: 1609 daAuts
Shoals:3: 1583 daAuts
  Lair:6: 1561 daAuts
Vaults:1: 1541 daAuts
  Lair:2: 1537 daAuts
Shoals:1: 1519 daAuts
